 Dungeon Crawl Stone Soup version 0.26-a0-712-ga5a9c9c9d0 (webtiles) character file.

Game seed: 6702079954190797953

1964 Kuinu the Cleaver (level 9, -7/84 HPs)
             Began as a Minotaur Berserker on Nov 6, 2020.
             Was a Priest of Trog.
             Mangled by an orc warrior
             ... wielding a +2 hand axe of electrocution
              (11 damage)
             ... on level 7 of the Dungeon.
             The game lasted 00:09:53 (5650 turns).

Kuinu the Cleaver (Minotaur Berserker)              Turns: 5650, Time: 00:09:54

Health: -7/84      AC: 14    Str: 25    XL:     9   Next: 0%
Magic:  8/8        EV:  8    Int:  4    God:    Trog [***...]
Gold:   379        SH:  0    Dex: 10    Spells: 8/8 levels left

rFire    . . .     SeeInvis +   v - +1 war axe
rCold    . . .     Faith    .   (no shield)
rNeg     . . .     Spirit   .   A - +0 plate armour
rPois    .         Reflect  .   (helmet restricted)
rElec    .         Harm     .   (no cloak)
rCorr    .         Rampage  .   (no gloves)
MR       .....                  y - +0 pair of boots
Stlth    ..........             l - amulet of magic regeneration
HPRegen  0.24/turn              i - ring of flight
MPRegen  0.36/turn              w - ring of see invisible

@: no status effects
A: retaliatory headbutt, horns 2
a: Berserk, Trog's Hand, Renounce Religion, Evoke Flight


You were on level 7 of the Dungeon.
You worshipped Trog.
Trog was most pleased with you.
You visited 1 branch of the dungeon, and saw 7 of its levels.

You collected 379 gold pieces.

Inventory:

Hand Weapons
 a - a +0 hand axe
 v - a +1 war axe (weapon)
Armour
 e - a +0 ring mail
 n - the +3 scale mail of Irrioshra {rC++ rN++ Int-5}
   (You took it off an orc warrior on level 6 of the Dungeon)

   It affects your intelligence (-5).
   It greatly protects you from cold.
   It greatly protects you from negative energy.
 y - a +0 pair of boots (worn)
 A - a +0 plate armour (worn)
Jewellery
 i - a ring of flight (left hand)
 l - an amulet of magic regeneration (around neck)
 q - an uncursed ring of magical power
 w - a ring of see invisible (right hand)
Wands
 o - a wand of disintegration (30)
Scrolls
 b - a scroll of summoning {unknown}
 f - 4 scrolls of identify
 p - a scroll of torment {unknown}
 r - 2 scrolls of magic mapping
 s - 2 scrolls of remove curse
 x - a scroll of enchant armour {unknown}
 B - a scroll of noise {unknown}
Potions
 c - 2 potions of cancellation
 d - a potion of haste
 g - a potion of might
 h - 3 potions of curing
 j - 2 potions of brilliance
 k - 2 potions of mutation
 m - a potion of degeneration
 t - a potion of stabbing
 u - a potion of berserk rage


   Skills:
 * Level 9.6 Fighting
 * Level 9.6 Axes
 + Level 6.6 Armour
 - Level 2.1 Dodging


You had 8 spell levels left.
You didn't know any spells.
Your spell library was empty.

Dungeon Overview and Level Annotations

Branches:
Dungeon (7/15)             Temple (0/1) D:5

Altars:
Ashenzari
Hepliaklqana
Makhleb
Nemelex Xobeh
Okawaru
Wu Jian
Zin


Innate Abilities, Weirdness & Mutations

You reflexively headbutt those who attack you in melee.
You have a pair of horns on your head.


Message History

The orc warrior is moderately wounded.
The orc warrior hits you with a +2 hand axe of electrocution!
* * * LOW HITPOINT WARNING * * *
You are electrocuted!
* * * LOW HITPOINT WARNING * * *
You feel much better.
The orc warrior hits you with a +2 hand axe of electrocution!
* * * LOW HITPOINT WARNING * * *
You are electrocuted!
* * * LOW HITPOINT WARNING * * *
Okay, then.
You feel better.
The orc warrior hits you with a +2 hand axe of electrocution.
* * * LOW HITPOINT WARNING * * *
You feel better.
The orc warrior hits you with a +2 hand axe of electrocution!
* * * LOW HITPOINT WARNING * * *
There is a stone staircase leading up here.
The orc warrior hits you with a +2 hand axe of electrocution!
You die...

...............
#.#.#.#.#.#.#
#...........
#.#.#.#.#.#.#.#
#....†........#
###.#.#.#.#.#.#
#......).....#
##.#.#.#.#.#.#
#.@o.........
##.#.#.#.#.#.#
#...?.....[..#
##.#.#.#.#.###
###########


You could see an orc warrior.

Vanquished Creatures
  Maggie (D:6)
  An orc warrior (D:6)
  An ice beast (D:6)
  A sky beast (D:5)
  2 ogres
  A centaur (D:5)
  3 phantoms
  2 bullfrogs
  A scorpion (D:6)
  3 hounds
  4 orc priests
  An iguana (D:5)
  6 orc wizards
  3 worker ants
  A killer bee zombie (D:5)
  A hound zombie (D:7)
  A hound skeleton (D:6)
  A worker ant zombie (D:5)
  8 adders
  A white imp (D:6)
  2 ufetubi
  An ooze (D:1)
  An adder skeleton (D:4)
  3 worms
  3 dart slugs
  5 leopard geckos
  12 orcs
  2 ball pythons
  2 giant cockroaches
  6 goblins
  3 hobgoblins
  5 jackals
  7 kobolds
  2 quokkas
  5 bats
  2 frilled lizards
  5 rats
109 creatures vanquished.

Vanquished Creatures (others)
  An orc wizard (D:6)
1 creature vanquished.

Grand Total: 110 creatures vanquished

Notes
Turn   | Place    | Note
-------+----------+-------------------------------------------
     0 | D:1      | Kuinu the Minotaur Berserker began the quest for the Orb.
     0 | D:1      | Reached XP level 1. HP: 19/19 MP: 0/0
   284 | D:1      | Reached XP level 2. HP: 23/27 MP: 1/1
   611 | D:1      | Reached ** piety under Trog
   740 | D:1      | Reached XP level 3. HP: 33/33 MP: 2/2
  1000 | D:2      | You fall into a shaft and drop 2 floors!
  1018 | D:3      | Found a burning altar of Makhleb.
  1107 | D:4      | Reached XP level 4. HP: 24/41 MP: 3/3
  1434 | D:3      | Found a glowing silver altar of Zin.
  1835 | D:2      | Reached skill level 5 in Fighting
  1910 | D:2      | Reached skill level 5 in Axes
  2100 | D:3      | Found a faded altar of an unknown god.
  2372 | D:4      | Reached XP level 5. HP: 33/48 MP: 4/4
  2849 | D:4      | Reached XP level 6. HP: 57/57 MP: 5/5
  2853 | D:4      | Reached *** piety under Trog
  3228 | D:4      | Found a hazy altar of Hepliaklqana.
  3409 | D:5      | Entered Level 5 of the Dungeon
  3546 | D:5      | Found an iron altar of Okawaru.
  3570 | D:5      | Found a staircase to the Ecumenical Temple.
  3580 | D:5      | Found a sparkling altar of Nemelex Xobeh.
  3743 | D:5      | Found a broken altar of Ashenzari.
  3872 | D:5      | Noticed a sky beast
  3878 | D:5      | Killed a sky beast
  3878 | D:5      | Reached XP level 7. HP: 55/64 MP: 6/6
  4511 | D:6      | Reached skill level 5 in Armour
  4593 | D:6      | Identified the +3 scale mail of Irrioshra {rC++ rN++ Int-5}
  4602 | D:6      | Reached XP level 8. HP: 74/74 MP: 7/7
  5002 | D:6      | Found an ornate altar of the Wu Jian Council.
  5091 | D:6      | Noticed Maggie
  5101 | D:6      | Killed Maggie
  5631 | D:7      | Reached XP level 9. HP: 84/84 MP: 8/8
  5641 | D:7      | HP: 1/84 [orc warrior/+2 hand axe of electrocution (15)]
  5648 | D:7      | HP: 4/84 [orc warrior/+2 hand axe of electrocution (14)]
  5650 | D:7      | Mangled by an orc warrior

Illustrated notes

Levels and vault maps discovered:
D:1:      onia_arrival_handbag, layout_loops_ring, chequers_mini_garden
D:2:      layout_basic
D:3:      lemuel_upstairs_altar, layout_loops_ring, zin_statuary,
          chequers_ecumenical_altar_twisty, chequers_avenue
D:4:      layout_cave_pods, lemuel_doored_altar, hex_tiny
D:5:      layout_gridville, overflow_temple_1_default,
          kennysheep_okawaru_gauntlet, minmay_temple_entry_drinking_statues,
          minmay_crystal_room, evilmike_ruin_ashenzari
D:6:      layout_loops_ring, lemuel_coloured_pillars_altar, uniq_maggie
D:7:      layout_loops_ring, nicolae_gozag_seed_capital, st_stairs_11,
          nrook_mini_vaults

Skill      XL: |  1  2  3  4  5  6  7  8 |
---------------+-------------------------+-----
Axes           | 4 5 6 7 9 |  9.6
Fighting       | 4 5 6 8 9 |  9.6
Armour         | 3 4 5 6 |  6.6
Dodging        | |  2.1

Action                   |  1- 3 |  4- 6 |  7- 9 || total
-------------------------+-------+-------+-------++-------
Melee: Hand axe          |    57 |    88 |       ||   145
       Headbutt          |     5 |    28 |    26 ||    59
       War axe           |       |    42 |   104 ||   146
Invok: Berserk           |       |     2 |     2 ||     4
  Use: Scroll            |     5 |       |    12 ||    17
       Potion            |       |       |     3 ||     3
Armor: Animal skin       |     6 |       |       ||     6
       Ring mail         |    13 |    47 |     5 ||    65
       Plate armour      |       |       |    61 ||    61
Dodge: Dodged            |    46 |    82 |    36 ||   164

Table legend: (Time is in decaauts)
 A = Elapsed time spent in this place.
 B = Non-inter-level travel time spent in this place.
 C = Inter-level travel time spent in this place.
 D = Time resting spent in this place.
 E = Time spent auto-exploring this place.
 F = Levels seen in this place.
 G = Mean time per level.
                   A        B        C        D        E       F      G
               +--------+--------+--------+--------+--------+-----+--------+
         Total |   5710 |   5483 |    227 |      0 |   4664 |   7 |  815.7 |
       Dungeon |   5710 |   5483 |    227 |      0 |   4664 |   7 |  815.7 |
               +--------+--------+--------+--------+--------+-----+--------+

Top non-repeatable levels by time:
     D:4: 1304 daAuts
     D:6: 1158 daAuts
     D:5: 1065 daAuts
     D:1: 839 daAuts
     D:3: 656 daAuts
     D:2: 644 daAuts
     D:7: 43 daAuts
